Map: Abiogenesis LE

Players

Shayden - Winner!

  • Race: Terran Terran
  • Spawn Location: 5:00

A.I. 1 (Very Easy)

  • Race: Zerg Zerg
  • Spawn Location: 11:00

VOD

Have the link to the VOD?

Description

Time

  • Played on: Feb. 24, 2018, 2:22 p.m.
  • Length: 14:02
Show
View Real Time Build Order
Export as new Build Order

Shayden Terran - Winner!

Build Orders: Liberator Opening, Reaper Expand, Mech 

Get SALT Encoding   

  12  0:01  SCV  
  13  0:13  SCV  
  14  0:17  Supply Depot  
  14  0:25  SCV  
  15  0:29  Refinery  
  15  0:38  SCV  
  16  0:45  Barracks  
  16  0:50  SCV  
  17  1:03  SCV  
  18  1:15  SCV  
  19  1:33  Reaper, Orbital Command  
  20  1:47  Command Center  
  20  1:58  Factory  
  20  2:02  SCV  
  21  2:11  Supply Depot  
  21  2:13  Barracks Reactor  
  21  2:15  SCV  
  21  2:20  Refinery  
  22  2:28  SCV  
  23  2:40  SCV  
  24  2:44  Starport  
  24  2:52  SCV  
  24  2:57  Hellion x2  
  29  2:59  Orbital Command  
  29  3:04  SCV  
  30  3:16  SCV  
  31  3:22  Viking  
  31  3:23  Supply Depot  
  33  3:27  SCV  
  33  3:28  SCV  
  33  3:29  Hellion  
  37  3:34  Liberator  
  37  3:36  Hellion  
  37  3:39  SCV  
  37  3:40  SCV  
  41  3:47  Supply Depot  
  41  3:52  SCV x2  
  46  4:00  Hellion x2  
  50  4:04  SCV x2  
  52  4:11  Supply Depot  
  52  4:16  Supply Depot, SCV x2  
  54  4:29  Command Center  
  54  4:34  Hellion x2  
  54  4:36  SCV x2  
  60  4:45  Refinery  
  60  4:48  SCV x2, Refinery  
  62  5:00  Factory, SCV x2  
  62  5:02  Barracks Tech Lab  
  64  5:07  Starport Reactor  
  64  5:09  Factory  
  64  5:12  SCV  
  64  5:13  SCV  
  70  5:14  Hellion x2  
  70  5:24  SCV  
  70  5:25  SCV  
  72  5:30  Barracks Tech Lab, Supply Depot x2  
  72  5:37  SCV x2  
  72  5:38  Hellion x2  
  78  5:44  Viking  
  78  5:45  Viking  
  78  5:49  Orbital Command  
  82  5:57  Siege Tank  
  82  5:58  Infernal Pre-Igniter  
  85  6:04  SCV x2  
  85  6:09  Siege Tank  
  85  6:10  Hellion x2  
  94  6:11  Orbital Command  
  94  6:19  SCV x2  
  94  6:23  Viking x2  
  100  6:27  Armory x2  
  100  6:30  Engineering Bay  
  100  6:31  Siege Tank  
  103  6:38  SCV x2  
  105  6:44  SCV  
  106  6:47  Refinery  
  106  6:48  Refinery  
  106  6:49  Supply Depot  
  106  6:50  SCV  
  106  6:51  Supply Depot  
  106  6:53  Supply Depot  
  107  7:02  SCV  
  107  7:03  Supply Depot  
  108  7:10  Siege Tank x2  
  108  7:11  Hellion, Supply Depot  
  108  7:12  Hellion  
  118  7:16  SCV x3  
  121  7:30  Sensor Tower, Terran Vehicle Weapons Level 1  
  121  7:31  Factory, Terran Vehicle And Ship Armor Level 1  
  121  7:32  Factory  
  121  7:35  Hellion x14  
  121  7:40  Hellion x2  
  121  7:42  Viking x2  
  129  7:47  SCV  
  129  7:48  SCV  
  131  7:51  Command Center  
  131  7:52  Siege Tank  
  137  8:06  Thor  
  137  8:07  Hellion x2  
  137  8:11  Missile Turret  
  144  8:14  Missile Turret  
  144  8:17  Missile Turret  
  144  8:20  Factory Tech Lab x2  
  144  8:21  Viking x2, Missile Turret  
  148  8:34  Smart Servos, Supply Depot x2  
  148  8:35  Siege Tank  
  151  8:42  Hellion x2  
  152  8:54  Siege Tank  
  152  8:55  Thor  
  164  9:00  Supply Depot  
  164  9:01  Supply Depot  
  164  9:02  Supply Depot x2  
  164  9:09  Thor  
  164  9:11  Siege Tank  
  170  9:24  Terran Vehicle Weapons Level 2, Terran Vehicle And Ship Armor Level 2  
  170  9:31  Planetary Fortress  
  170  9:49  Refinery  
  170  9:52  Refinery  
  170  9:55  Missile Turret  
  170  9:57  Missile Turret  
  170  10:05  Siege Tank x2  
  170  10:06  Thor  
  182  10:10  Liberator x2  
  182  10:16  Command Center  
  182  10:18  Missile Turret  
  182  10:21  Missile Turret  
  182  10:26  Hellion x2  
  192  10:36  Starport  
  192  10:37  Starport  
  192  11:07  Fusion Core  
  192  11:14  Starport Tech Lab  
  192  11:15  Starport Tech Lab  
  192  11:17  Starport  
  192  11:18  Building Armor  
  192  11:54  Command Center x2  
  192  12:00  Missile Turret  
  192  12:02  Missile Turret x3  
  192  12:03  Missile Turret  
  192  12:04  Missile Turret x2  
  192  12:06  Missile Turret  
  192  12:07  Missile Turret  
  192  12:10  Missile Turret, Starport Tech Lab  
  192  12:13  Battlecruiser  
  192  12:15  Sensor Tower  
  175  12:24  Battlecruiser  
  175  12:27  Weapon Refit  
  175  12:29  Battlecruiser  
  187  13:15  Planetary Fortress  
Show
View Real Time Build Order
Export as new Build Order

A.I. 1 (Very Easy) Zerg 

Build Orders: Pool First 

Get SALT Encoding   

  12  0:00  Drone  
  13  0:12  Overlord  
  13  0:16  Drone  
  14  0:36  Spawning Pool  
  14  0:37  Extractor  
  14  0:40  Drone  
  13  0:47  Drone  
  14  0:53  Overlord  
  14  1:23  Zergling x2  
  14  1:25  Queen  
  17  1:33  Roach Warren  
  17  1:35  Zergling x2  
  17  1:36  Drone  
  18  1:47  Zergling x2, Drone  
  20  1:57  Drone  
  21  2:07  Drone  
  22  2:18  Drone  
  23  2:29  Drone  
  24  2:31  Overlord  
  24  2:36  Drone  
  24  4:51  Drone  
  24  4:52  Extractor, Roach  
  26  4:53  Lair  
  26  4:58  Drone  
  25  5:06  Drone  
  26  5:13  Drone  
  27  5:16  Overlord  
  27  5:20  Drone  
  27  5:21  Roach  
  25  5:27  Drone  
  21  5:34  Drone  
  19  5:41  Drone  
  17  5:49  Roach, Drone  
  16  5:50  Queen  
  16  5:52  Overseer  
  16  5:53  Overseer  
  16  5:56  Drone  
  17  6:03  Drone  
  15  6:10  Drone  
  16  6:18  Roach  
  13  6:25  Drone  
  13  6:32  Drone  
  14  6:34  Queen  
  14  6:46  Zergling x2, Drone  
  14  6:55  Drone  
  13  7:02  Drone  
  13  7:05  Overseer  
  14  7:10  Drone  
  14  7:15  Roach  
  14  7:17  Drone  
  14  7:18  Queen  
  15  7:24  Drone  
  14  7:39  Drone  
  15  7:44  Zergling x2  
  15  7:47  Drone  
  16  7:53  Hatchery  
  16  7:54  Drone  
  13  8:02  Drone  
  13  8:03  Queen  
  13  8:09  Drone  
  12  8:14  Zergling x2  
  13  8:20  Drone  
  13  8:30  Drone  
  11  8:41  Drone  
  11  8:52  Drone  
  13  9:02  Drone  
  13  9:05  Zergling x2  
  14  9:10  Drone  
  14  9:16  Extractor  
  14  9:17  Drone  
  14  9:21  Extractor  
  14  9:25  Drone  
  15  9:32  Drone  
  15  9:34  Zergling x2  
  15  9:36  Pneumatized Carapace  
  15  9:37  Overseer  
  17  9:39  Drone  
  17  9:40  Evolution Chamber  
  17  9:47  Drone  
  17  9:53  Roach  
  17  9:54  Drone  
  17  9:55  Hydralisk Den  
  19  10:01  Drone  
  19  10:05  Overlord  
  20  10:08  Drone  
  20  10:11  Roach  
  23  10:18  Drone  
  24  10:25  Drone  
  24  10:28  Hydralisk  
  25  10:33  Drone  
  28  10:39  Overseer  
  28  10:40  Drone  
  29  10:46  Roach  
  26  10:56  Drone  
  27  11:01  Overlord  
  27  11:03  Drone  
  28  11:13  Drone  
  28  11:15  Zergling x2  
  30  11:20  Drone  
  27  11:27  Drone  
  28  11:35  Drone  
  28  11:39  Overlord  
  28  11:42  Drone  
  18  12:06  Drone  
  18  12:11  Hydralisk  
  18  12:13  Drone  
  20  12:23  Overseer  
  20  12:30  Drone  
  20  12:35  Overlord  
  20  12:37  Drone  
  20  12:40  Zergling x2  
  17  12:55  Evolution Chamber  
  7  13:22  Roach Warren  
  6  13:35  Drone  
  8  13:43  Drone  
Tags
 
Add a new tag
Caveats
  • Supply blocks, unpowered buildings, or Contaminate may cause inaccurate times.
  • Supply counts are checked every 10 seconds.